 Dungeon Crawl Stone Soup version 0.29.1-2-gbd0b4ee654 (webtiles) character file.

Game seed: 17157216531634060489

217 Doctaisen the Ruffian (level 5, -10/45 HPs)
             Began as a Ghoul Gladiator on Nov 10, 2022.
             Was an Initiate of Ru.
             Mangled by a wyvern (13 damage)
             ... on level 5 of the Dungeon.
             The game lasted 00:18:03 (1514 turns).

Doctaisen the Ruffian (Ghoul Gladiator)             Turns: 1514, Time: 00:18:04

Health: -10/45     AC:  6    Str: 20      XL:     5   Next: 94%
Magic:  4/4        EV: 11    Int:  3      God:    Ru [......]
Gold:   114        SH:  0    Dex:  8 (10) Spells: 3/4 levels left

rFire   . . .      SeeInvis .   c - +2 broad axe (vorpal)
rCold   + . .      Faith    .   (no shield)
rNeg    + + +      Spirit   .   t - +0 ring mail
rPois   ∞          Reflect  .   b - +0 helmet
rElec   .          Harm     .   (no cloak)
rCorr   .          Rampage  .   (no gloves)
Will    .....                   (no boots)
Stlth   ..........              (no amulet)
HPRegen 0.00/turn               (no ring)
MPRegen 0.09/turn               (no ring)

@: inhibited regen
A: claws 1, cold resistance 1, negative energy resistance 3, inhibited
regeneration, torment resistance 2, devour on kill
a: Renounce Religion


You were on level 5 of the Dungeon.
You worshipped Ru.
Ru was noncommittal.
You visited 2 branches of the dungeon, and saw 6 of its levels.

You collected 114 gold pieces.

Inventory:

Hand Weapons
 c - a +2 vorpal broad axe (weapon)
 f - a +0 club
 g - a +0 sling
 i - a +0 dagger
 k - a +0 short sword
 m - a +0 spear
 o - a +0 dagger
 p - a +0 short sword
Missiles
 r - 3 throwing nets
 u - a poisoned dart (quivered)
 v - a javelin
 w - 4 stones
Armour
 a - a +0 leather armour
 b - a +0 helmet (worn)
 j - a +0 leather armour
 t - a +0 ring mail (worn)
Scrolls
 e - a scroll of blinking {unknown}
 h - a scroll of teleportation
 n - 2 scrolls of identify
 x - a scroll of fog
Potions
 d - a potion of brilliance {unknown}
 l - a potion of might {unknown}
 s - a potion of curing {unknown}


   Skills:
 + Level 3.2 Fighting
 * Level 1.1 Axes
 + Level 2.2 Throwing
 + Level 1.6 Armour
 + Level 3.8 Dodging
 - Level 4.5 Unarmed Combat


You had 3 spell levels left.
You knew the following spells:

 Your Spells              Type           Power      Damage    Failure   Level
a - Freeze                Ice            0%         1d3       71%         1

Your spell library contained the following spells:

 Spells                   Type           Power      Damage    Failure   Level
 Frozen Ramparts          Ice            0%         1d1       97%         3
 Hailstorm                Conj/Ice       0%         3d3       100%        4


Dungeon Overview and Level Annotations

Branches:
Dungeon (5/15)             Temple (1/1) D:4

Altars:
Ashenzari
Cheibriados
Dithmenos
Fedhas
Gozag
Kikubaaqudgha
Makhleb
Nemelex Xobeh
Qazlal
Ru
Trog
Uskayaw
Wu Jian

Shops:
D:5 *

Annotations:
D:4 Eustachio; ababab's ghost, amateur FeEn


Innate Abilities, Weirdness & Mutations

You are immune to poison.
You have sharp fingernails.
Your flesh is cold resistant. (rC+)
You are immune to negative energy. (rN+++)
You do not regenerate when monsters are visible.
You are immune to unholy pain and torment.
You thrive by killing the living.


Message History

The necrophage attacks as you move away!
The necrophage barely misses you.
The necrophage attacks as you move away!
The necrophage hits you but does no damage.
The necrophage attacks as you move away!
The necrophage closely misses you.
The necrophage attacks as you move away!
The necrophage hits you but does no damage.
There is a stone staircase leading down here.
You can't go up here!
The necrophage barely misses you.
You climb downwards.
The orc shouts! x3
Found a ring mail.
There is a stone staircase leading up here.
Found 2 poisoned darts.
A phantom comes into view.
The necrophage hits you but does no damage.
The necrophage attacks as you move away!
The necrophage closely misses you.
The necrophage attacks as you move away!
The necrophage barely misses you.
A wyvern comes into view.
The wyvern hisses angrily.
Found Vutexzy's Overcharged Wands.
The necrophage attacks as you move away!
The necrophage hits you but does no damage.
The wyvern bites you.
* * * LOW HITPOINT WARNING * * *
The necrophage attacks as you move away!
The necrophage hits you but does no damage.
Found a flail.
The wyvern barely misses you.
As you read the scroll labelled PEOBAEKKYSIE, it crumbles to dust.
It is a scroll of brand weapon.
Your +2 broad axe of electrocution emits a brilliant flash of light!
c - a +2 vorpal broad axe (weapon)
The necrophage hits you.
* * * LOW HITPOINT WARNING * * *
The wyvern bites you!
You die...

#.#..........# .
............## ..
.#...8........ ..
...#............# ...
......8.8.8.....# ....
................###...
....................#
.......@no..#.......###
...#...l...##..........
)...........#..<......#
..#.#.....W.o..........
.#...#......o..........
...∩..............[....
.#...#.#...............
.#.#..................
......####...8.8.....


You could see a wyvern, a necrophage, a phantom and 3 orcs.

Vanquished Creatures
  Blork the orc (D:4)
  A water moccasin zombie (D:4)
  An iguana (D:4)
  A dart slug (D:3)
  10 orcs
  9 ball pythons
  5 endoplasms
  2 giant cockroaches (D:4)
  5 hobgoblins
  3 jackals (D:1)
  5 bats
  3 frilled lizards
  3 goblins
  9 kobolds
58 creatures vanquished.

Notes
Turn   | Place    | Note
-------+----------+-------------------------------------------
     0 | D:1      | Doctaisen the Ghoul Gladiator began the quest for the Orb.
     0 | D:1      | Reached XP level 1. HP: 17/17 MP: 0/0
   118 | D:1      | Reached XP level 2. HP: 25/25 MP: 1/1
   156 | D:1      | Reached skill level 4 in Unarmed Combat
   444 | D:3      | Reached XP level 3. HP: 30/30 MP: 2/2
   929 | D:3      | Reached XP level 4. HP: 32/37 MP: 3/3
  1022 | D:4      | Noticed Blork the orc
  1032 | D:4      | Killed Blork the orc
  1033 | D:4      | Reached skill level 1 in Armour
  1033 | D:4      | Reached XP level 5. HP: 28/44 MP: 4/4
  1057 | D:4      | Found a transporter.
  1062 | D:4      | Found a staircase to the Ecumenical Temple.
  1093 | D:4      | Learned a level 1 spell: Freeze
  1104 | Temple   | Entered the Ecumenical Temple
  1138 | Temple   | Became a worshipper of Ru the Awakened
  1231 | D:4      | Noticed ababab's ghost (amateur FeEn)
  1232 | D:4      | Found a transporter.
  1262 | D:4      | Reached skill level 1 in Axes
  1379 | D:4      | Noticed Eustachio
  1505 | D:5      | Entered Level 5 of the Dungeon
  1506 | D:5      | Noticed a phantom
  1509 | D:5      | Noticed a wyvern
  1510 | D:5      | Found Vutexzy's Overcharged Wands.
  1514 | D:5      | Mangled by a wyvern

Illustrated notes

Levels and vault maps discovered:
D:1:      dpeg_arrival_long_road, layout_rooms,
          shapermc_ecumenical_altar_acropolis
D:2:      layout_basic, minmay_misc_feat_secret_circle
D:3:      layout_loops_cross, corexii_item_surrounded_by_moat, uniq_sigmund
D:4:      layout_gridville, nicolae_hepliaklqana_monster_ancestors,
          temple_fountains, gammafunk_ghost_mausoleum, uniq_blork_the_orc,
          uniq_eustachio
D:5:      layout_cave_pools, nicolae_overflow_crystal_walls,
          serial_column_ruins, column_ruins_temple_circle,
          column_ruins_hut_water, column_ruins_columns_corner,
          column_ruins_grid_1, column_ruins_grid_3, column_ruins_open_medium,
          column_ruins_open_large, column_ruins_open_large,
          column_ruins_open_small, chequers_jeans,
          nicolae_shop_overcharged_wands, uniq_crazy_yiuf_cottage
Temple:   nicolae_temple_superstar

Skill      XL: |  1  2  3  4  5 |
---------------+----------------+-----
Unarmed Combat | 4 |  4.5
Dodging        | 3 |  3.8
Armour         | 1 |  1.6
Fighting       | 3 |  3.2
Throwing       | 2 |  2.2
Axes           | 1 |  1.1

Action                   |  1- 3 |  4- 6 || total
-------------------------+-------+-------++-------
Melee: Unarmed           |    97 |    16 ||   113
       Punch             |     2 |     3 ||     5
       Broad axe         |       |    33 ||    33
Throw: Javelin           |     1 |     1 ||     2
       Throwing net      |     1 |     3 ||     4
       Dart              |       |     1 ||     1
  Use: Scroll            |     3 |     3 ||     6
       Potion            |       |     1 ||     1
Armor: Leather armour    |    21 |       ||    21
       Ring mail         |     4 |   103 ||   107
Dodge: Dodged            |    73 |   152 ||   225
